 Dungeon Crawl Stone Soup version 0.27.1-33-g824d729ab1 (webtiles) character file.

Game seed: 11900842805753567529

1558 DenSaoPin the Chucker (level 8, -25/70 HPs)
             Began as a Troll Hunter on Nov 29, 2021.
             Was a Follower of Okawaru.
             Annihilated by a boulder beetle (57 damage)
             ... on level 6 of the Dungeon on Nov 30, 2021.
             The game lasted 00:18:49 (5824 turns).

DenSaoPin the Chucker (Troll Hunter)                Turns: 5824, Time: 00:18:49

Health: -25/70     AC:  5    Str: 22    XL:     8   Next: 58%
Magic:  7/7        EV: 10    Int:  7    God:    Okawaru [*.....]
Gold:   237        SH:  0    Dex: 11    Spells: 7/7 levels left

rFire    . . .     SeeInvis .   G - +0 giant club
rCold    . . .     Faith    .   (shield currently unavailable)
rNeg     . . .     Spirit   .   b - +0 robe
rPois    .         Reflect  .   (helmet restricted)
rElec    .         Harm     .   F - +0 cloak
rCorr    .         Rampage  .   (gloves unavailable)
Will     .....                  (boots unavailable)
Stlth    +.........             (no amulet)
HPRegen  1.21/turn              D - +4 ring of slaying
MPRegen  0.10/turn              (no ring)

@: no status effects
A: large, unfitting armour, claws 3, regeneration 1, shaggy fur 1, tough skin 1
a: Renounce Religion, Heroism


You were on level 6 of the Dungeon.
You worshipped Okawaru.
Okawaru was aware of your devotion.
You visited 2 branches of the dungeon, and saw 7 of its levels.

You collected 237 gold pieces.

Inventory:

Hand Weapons
 a - a +0 short sword
 f - a +0 club
 i - a +0 mace
 k - a +0 flail
 n - a +2 vampiric trident
 t - a +0 great mace
 x - a +0 longbow
 G - a +0 giant club (weapon)
 H - a +3 flail of freezing
 I - a +0 mace of protection
Missiles
 c - 5 large rocks
 d - 3 throwing nets
 h - 148 stones (quivered)
 j - 58 sling bullets
 B - 20 poisoned darts
Armour
 b - a +0 robe (worn)
 F - a +0 cloak (worn)
Jewellery
 D - a +4 ring of slaying (left claw)
Wands
 u - a wand of polymorph (16)
Scrolls
 o - 3 scrolls of identify {unknown}
 r - 4 scrolls of noise {unknown}
 s - a scroll of vulnerability {unknown}
 v - a scroll of blinking {unknown}
 y - a scroll of enchant weapon {unknown}
 z - 3 scrolls of torment {unknown}
 A - 2 scrolls of fog {unknown}
Potions
 e - 7 potions of curing {unknown}
 g - a potion of attraction {unknown}
 l - a potion of brilliance {unknown}
 m - 3 potions of heal wounds {unknown}
 p - a potion of resistance
 q - a potion of invisibility {unknown}
 w - a potion of cancellation {unknown}
 C - a potion of degeneration {unknown}
 E - a potion of ambrosia {unknown}
 J - a potion of lignification {unknown}
 K - a potion of flight {unknown}


   Skills:
 - Level 1.5 Fighting
 - Level 6.1 Maces & Flails
 - Level 7.6 Throwing
 + Level 3.6 Dodging
 - Level 0.3 Stealth
 + Level 0.3 Invocations


You had 7 spell levels left.
You didn't know any spells.
Your spell library contained the following spells:

 Spells                   Type           Power      Damage    Failure   Level
 Corona                   Hex            0%         N/A       43%         1
 Freeze                   Ice            0%         1d3       43%         1
 Magic Dart               Conj           0%         1d3       43%         1
 Sting                    Tmut/Pois      0%         1d3       43%         1
 Call Imp                 Summ           0%         N/A       56%         2
 Ensorcelled Hibernation  Hex/Ice        0%         N/A       56%         2
 Poisonous Vapours        Pois/Air       0%         N/A       56%         2
 Frozen Ramparts          Ice            0%         1d2       80%         3
 Gell's Gravitas          Tloc           0%         N/A       80%         3
 Lesser Beckoning         Tloc           0%         N/A       80%         3
 Mephitic Cloud           Conj/Pois/Air  0%         N/A       80%         3
 Teleport Other           Tloc           0%         N/A       80%         3
 Tukima's Dance           Hex            0%         N/A       80%         3
 Hailstorm                Conj/Ice       0%         3d3       99%         4
 Olgreb's Toxic Radiance  Pois           0%         N/A       99%         4


Dungeon Overview and Level Annotations

Branches:
Dungeon (6/15)             Temple (1/1) D:6

Altars:
Ashenzari
Cheibriados
Dithmenos
Elyvilon
Fedhas
Gozag
Hepliaklqana
Kikubaaqudgha
Makhleb
Nemelex Xobeh
Okawaru
Qazlal
Ru
Sif Muna
Uskayaw
Vehumet
Wu Jian
Xom
Yredelemnul
Zin
The Shining One

Annotations:
D:6 2 runed translucent doors, ANNNA's ghost, novice DEFE


Innate Abilities, Weirdness & Mutations

You are too large for most types of armour.
You have claws for hands.
Your natural rate of healing is unusually fast.
You are covered in fur. (AC +1)
You have tough skin. (AC +1)


Message History

The orc wizard points at you and mumbles some strange words.
You resist with some effort.
You barely miss the orc wizard.
The orc wizard is moderately wounded.
The orc wizard mumbles some strange words.
The orc wizard flickers and vanishes!
You hit something. Something hits you but does no damage. Something hits you.
You miss something. Something hits you.
You miss something.
You hear some strange, mumbled words.
Something tries to affect you, but you resist.
You miss something.
You hear some strange, mumbled words.
Something tries to affect you, but you resist.
Something hits you.
You miss something. Something hits you but does no damage.
You closely miss something. Something hits you.
You miss something. Something hits you but does no damage.
Something completely misses you.
You barely miss something. Something hits you but does no damage.
You bludgeon something!! Okawaru accepts your kill.
Reactivating autopickup.
You feel a bit more experienced.
Things that are here:
a +0 dagger; a +0 robe You see here a +0 plate armour.
A boulder beetle is nearby!
The boulder beetle curls into a ball and begins rolling!
You see here a +0 plate armour.
You hit the boulder beetle but do no damage.
The boulder beetle hits you!!
The boulder beetle stops rolling and uncurls.
The boulder beetle curls into a ball and begins rolling!
The boulder beetle hits you!
The boulder beetle stops rolling and uncurls.
The boulder beetle curls into a ball and begins rolling!
The boulder beetle hits you!!!
Ouch! That really hurt!
You die...

#.##.###.#######.#.
#.##.##P.P#<...#..[
#.##.###[#####.#...
#.##.P#...#P##.#...
#.##....>....#.##..
#.###P#...#P...##..
#..#####.##..#.##..
##.# #P.P..##.####
#@# ##...###.....
#B# ##### ######
#○# #°# #°# #.# #.#
#### #[# ##... #.#
#....


You could see a boulder beetle (rolling).

Vanquished Creatures
  Sigmund (D:3)
  An ice beast (D:6)
  A black bear (D:6)
  2 necrophages (D:5)
  2 ogres
  2 phantoms
  Blork the orc (D:6)
  A bullfrog (D:6)
  3 wights (D:6)
  A jelly (D:5)
  An orc priest (D:5)
  2 bullfrog skeletons
  A hound (Temple)
  Ijyb (D:3)
  2 iguanas
  3 orc wizards
  6 adders
  A white imp (D:6)
  3 worms
  3 dart slugs (D:3)
  11 orcs
  5 bats
  5 endoplasms
  4 giant cockroaches
  6 goblins
  7 hobgoblins
  9 jackals
  4 quokkas
  10 ball pythons
  3 frilled lizards
  8 kobolds
  5 rats
115 creatures vanquished.

Notes
Turn   | Place    | Note
-------+----------+-------------------------------------------
     0 | D:1      | DenSaoPin the Troll Hunter began the quest for the Orb.
     0 | D:1      | Reached XP level 1. HP: 19/19 MP: 0/0
   104 | D:1      | Reached skill level 4 in Throwing
   128 | D:1      | Reached XP level 2. HP: 27/27 MP: 1/1
   200 | D:1      | Found a faded altar of an unknown god.
   751 | D:2      | Reached XP level 3. HP: 31/33 MP: 2/2
   769 | D:2      | Reached skill level 1 in Maces & Flails
  1012 | D:2      | Reached XP level 4. HP: 41/41 MP: 3/3
  1609 | D:3      | Noticed Sigmund
  1764 | D:3      | Noticed Ijyb
  1776 | D:3      | Killed Ijyb
  1777 | D:3      | Reached skill level 5 in Throwing
  2010 | D:3      | Reached XP level 5. HP: 48/48 MP: 4/4
  2333 | D:3      | Killed Sigmund
  2334 | D:3      | Reached XP level 6. HP: 55/55 MP: 5/5
  3345 | D:5      | Entered Level 5 of the Dungeon
  3401 | D:5      | Reached skill level 6 in Throwing
  3833 | D:5      | Reached XP level 7. HP: 59/62 MP: 6/6
  4141 | D:5      | Reached skill level 5 in Maces & Flails
  4466 | D:6      | Reached skill level 7 in Throwing
  4541 | D:6      | Found a staircase to the Ecumenical Temple.
  4566 | D:6      | Reached XP level 8. HP: 43/67 MP: 7/7
  4606 | Temple   | Entered the Ecumenical Temple
  4655 | Temple   | Became a worshipper of Warmaster Okawaru
  4991 | D:6      | Noticed Blork the orc
  4996 | D:6      | Killed Blork the orc
  5142 | D:6      | Found a large runed translucent door.
  5142 | D:6      | Found a large runed translucent door.
  5144 | D:6      | Noticed ANNNA's ghost (novice DEFE)
  5229 | D:6      | Reached * piety under Okawaru
  5690 | D:6      | Noticed a boulder beetle
  5824 | D:6      | Annihilated by a boulder beetle

Illustrated notes

Levels and vault maps discovered:
D:1:      dpeg_arrival_rhombi, layout_basic, dilly_ecumenical_altar_fadedgnrine,
          chequers_serial_rivers_small_3
D:2:      layout_rooms, lemuel_old_faithful
D:3:      layout_basic, uniq_sigmund, uniq_ijyb
D:4:      layout_gridville
D:5:      layout_basic
D:6:      layout_basic, minmay_temple_entry_gardened_gates,
          ebering_ghost_disaster_area, kennysheep_doodads, minmay_three_doors,
          uniq_blork_the_orc
Temple:   nicolae_temple_the_god_donut

Skill      XL: |  1  2  3  4  5  6  7  8 |
---------------+-------------------------+-----
Throwing       | 4 5 6 7 |  7.6
Maces & Flails | 1 2 3 4 5 6 |  6.1
Dodging        | 2 3 |  3.6
Fighting       | |  1.5
Stealth        | |  0.3
Invocations    | |  0.3

Action                   |  1- 3 |  4- 6 |  7- 9 || total
-------------------------+-------+-------+-------++-------
Melee: Short sword       |    50 |       |       ||    50
       Club              |    27 |       |       ||    27
       Mace              |    41 |       |       ||    41
       Flail             |    44 |    75 |       ||   119
       Great mace        |       |   163 |    10 ||   173
       Giant club        |       |       |    72 ||    72
Throw: Stone             |       |    38 |    85 ||   123
Invok: Heroism           |       |       |     1 ||     1
  Use: Potion            |       |     1 |       ||     1
       Scroll            |       |       |     2 ||     2
 Stab: Sleeping          |       |     1 |       ||     1
Armor: Robe              |    83 |   116 |    24 ||   223
       Skin              |       |    61 |       ||    61
Dodge: Dodged            |   137 |   163 |    39 ||   339
